 Dungeon Crawl Stone Soup version 0.30-a0-528-g8c47a4955b (webtiles) character file.

Game seed: 5872586829253540714

77 arthad the Digger (level 4, -12/30 HPs)
             Began as a Formicid Earth Elementalist on Dec 23, 2022.
             Was an Initiate of Ashenzari.
             Killed from afar by Sigmund (14 damage)
             ... with a puff of flame
             ... on level 2 of the Dungeon.
             The game lasted 00:03:58 (1328 turns).

arthad the Digger (Formicid Earth Elementalist)     Turns: 1328, Time: 00:03:58

Health: -12/30     AC:  2    Str: 13    XL:     4   Next: 60%
Magic:  5/8        EV: 12    Int: 16    God:    Ashenzari [......]
Gold:   54         SH:  4    Dex: 14    Spells: 0/8 levels left

rFire   . . .      SeeInvis +    (no weapon)
rCold   . . .      Faith    .    d - +0 buckler
rNeg    . . .      Spirit   .    a - +0 robe
rPois   .          Reflect  .    (helmet unavailable)
rElec   .          Harm     .    (no cloak)
rCorr   .          Rampage  .    (no gloves)
Will    .....                    (no boots)
Stlth   ++                       (no amulet)
HPRegen 0.25/turn                (no ring)
MPRegen 0.11/turn                (no ring)

@: no status effects
A: permanent stasis, dig shafts and tunnels, antennae 3, four strong arms
a: Dig, Shaft Self, Renounce Religion


You were on level 2 of the Dungeon.
You worshipped Ashenzari.
Ashenzari was noncommittal.
You visited 1 branch of the dungeon, and saw 2 of its levels.

You collected 54 gold pieces.

Inventory:

Missiles
 c - 6 datura-tipped darts
Armour
 a - a +0 robe (worn)
 d - a +0 buckler (worn)
Scrolls
 e - a scroll of teleportation {unknown}
 i - a scroll of poison {unknown}
 k - a scroll of amnesia {unknown}
 l - a scroll of blinking {unknown}
Potions
 b - a potion of magic
 f - a potion of heal wounds {unknown}
 g - 2 potions of cancellation {unknown}
 h - a potion of curing {unknown}
 j - a potion of degeneration {unknown}


   Skills:
 + Level 2.0 Dodging
 + Level 2.9 Stealth
 + Level 1.3 Shields
 * Level 2.8 Spellcasting
 * Level 1.2 Conjurations
 + Level 1.6 Transmutations
 * Level 4.2 Earth Magic


You couldn't memorise any spells.
You knew the following spells:

 Your Spells              Type           Power      Damage    Failure   Level
a - Sandblast             Erth           30%        2d9       4%          1
b - Stone Arrow           Conj/Erth      22%        3d8       22%         3
c - Petrify               Tmut/Erth      11%        N/A       56%         4

Your spell library contained the following spells:

 Spells                   Type           Power      Damage    Failure   Level
 Passwall                 Tmut/Erth      9%         N/A       11%         2


Dungeon Overview and Level Annotations

Branches:
Dungeon (2/15)

Altars:
Ashenzari

Annotations:
D:2 Sigmund


Innate Abilities, Weirdness & Mutations

You cannot be hasted, slowed, berserked, paralysed or teleported.
You can dig through walls and to a lower floor.
You have a pair of large antennae on your head. (SInv)
Your four strong arms can wield two-handed weapons with a shield.


Message History

Aim: Sigmund, wielding a +0 scythe and wearing a +0 robe (80% to hit)
The blast of sand hits Sigmund.
Sigmund is lightly wounded.
Aiming: Sandblast (safe; 4% risk of failure)
Press: ? - help, Q - select action, (/) - cycle Shift-Dir - straight line, f/p - Sigmund
Aim: Sigmund, wielding a +0 scythe and wearing a +0 robe (lightly wounded, 80% to hit)
The blast of sand hits Sigmund.
Sigmund is moderately wounded.
Sigmund casts a spell.
Sigmund flickers and vanishes for a moment.
Sigmund hits you from afar with a +0 scythe!
Aiming: Sandblast (safe; 4% risk of failure)
Press: ? - help, Q - select action, (/) - cycle Shift-Dir - straight line, f/p - Sigmund
Aim: Sigmund, wielding a +0 scythe and wearing a +0 robe (moderately wounded, slightly transparent, 80% to hit)
The blast of sand hits Sigmund.
Sigmund is heavily wounded.
You block Sigmund's attack.
Aiming: Sandblast (safe; 4% risk of failure)
Press: ? - help, Q - select action, (/) - cycle Shift-Dir - straight line, f/p - Sigmund
Aim: Sigmund, wielding a +0 scythe and wearing a +0 robe (heavily wounded, slightly transparent, 80% to hit)
The blast of sand hits Sigmund.
Sigmund is heavily wounded.
Sigmund casts a spell at you.
You are confused.
You're too confused to cast spells.
You're too confused to cast spells.
You bump into the rock wall.
Sigmund hits you from afar with a +0 scythe!
You're too confused to cast spells.
You bump into the rock wall.
Sigmund barely misses you. The kobold hits you but does no damage.
Sigmund hits you but does no damage. The kobold closely misses you.
Found a metallic sapphire potion.
You feel less confused. The kobold hits you but does no damage.
Sigmund attacks as you move away! Sigmund hits you with a +0 scythe!
* * * LOW HITPOINT WARNING * * *
Sigmund casts a spell at you. The puff of flame hits you!
You die...

..... # ..!... # #.
...... ##### #.. ....##
..... #..#####......
##### ..........# # #####
#.#......#.. ..... #
#<.@........ #....
###..#.#..#.........#####
........K@...............
...#.###.##.........####.
.........................
####.#...##.#.###...####.
#.##).......##...####.
#†##.†##.#..##........
#...........##.#.####.


You could see Sigmund (invisible) and a kobold.

Vanquished Creatures
  Jessica (D:2)
  2 adders (D:2)
  A worm (D:2)
  3 dart slugs
  An endoplasm (D:2)
  A giant cockroach (D:1)
  A goblin (D:1)
  3 hobgoblins
  3 kobolds
  2 quokkas
  3 ball pythons
  A bat (D:1)
  2 frilled lizards
  4 rats
28 creatures vanquished.

Notes
Turn   | Place    | Note
-------+----------+-------------------------------------------
     0 | D:1      | arthad the Formicid Earth Elementalist began the quest for
                  | the Orb.
     0 | D:1      | Reached XP level 1. HP: 13/13 MP: 3/3
   174 | D:1      | Reached XP level 2. HP: 13/19 MP: 3/5
   792 | D:2      | Noticed Jessica
   794 | D:2      | Killed Jessica
   795 | D:2      | Reached skill level 1 in Shields
   795 | D:2      | Reached skill level 4 in Earth Magic
   795 | D:2      | Reached XP level 3. HP: 24/24 MP: 3/6
   800 | D:2      | Reached skill level 1 in Conjurations
   800 | D:2      | Reached XP level 4. HP: 30/30 MP: 1/8
   807 | D:2      | Learned a level 3 spell: Stone Arrow
   812 | D:2      | Learned a level 4 spell: Petrify
   996 | D:2      | Found a broken altar of Ashenzari.
  1105 | D:2      | Became a worshipper of Ashenzari the Shackled
  1234 | D:2      | Noticed Sigmund
  1328 | D:2      | Killed from afar by Sigmund

Illustrated notes

Levels and vault maps discovered:
D:1:      scummos_arrival_forest, layout_loops_ring
D:2:      layout_basic, basic_altar, uniq_sigmund, uniq_jessica

Skill      XL: |  1  2  3 |
---------------+----------+-----
Dodging        | 2 |  2.0
Shields        | 1 |  1.3
Earth Magic    | 4 |  4.2
Conjurations   | 1 |  1.2
Stealth        | |  2.9
Spellcasting   | |  2.8
Transmutations | |  1.6

Action                   |  1- 3 |  4- 6 || total
-------------------------+-------+-------++-------
Melee: Unarmed           |    22 |       ||    22
 Cast: Sandblast         |    23 |    23 ||    46
Armor: Robe              |     3 |     4 ||     7
Dodge: Dodged            |    16 |     5 ||    21
Block: Buckler           |     1 |     1 ||     2

Table legend: (Time is in decaauts)
 A = Elapsed time spent in this place.
 B = Non-inter-level travel time spent in this place.
 C = Inter-level travel time spent in this place.
 D = Time resting spent in this place.
 E = Time spent auto-exploring this place.
 F = Levels seen in this place.
 G = Mean time per level.
                   A        B        C        D        E       F      G
               +--------+--------+--------+--------+--------+-----+--------+
         Total |   1351 |   1300 |     51 |    133 |    949 |   2 |  675.5 |
       Dungeon |   1351 |   1300 |     51 |    133 |    949 |   2 |  675.5 |
               +--------+--------+--------+--------+--------+-----+--------+

Top non-repeatable levels by time:
     D:1: 747 daAuts
     D:2: 604 daAuts
